 Dungeon Crawl Stone Soup version 0.31.0-7-gf635a9b802 (webtiles) character file.

Game seed: 11939792851337360968

14282 hawla the Cruncher (level 11, 0/62 HPs)
             Began as a Deep Elf Fire Elementalist on Jan 22, 2024.
             Was a Follower of Vehumet.
             Slain by a minotaur
             ... wielding the +10 quarterstaff "Bacimni" {flame, rElec rPois rF- Will+}
              (7 damage)
             ... in a Gauntlet on Jan 23, 2024.
             The game lasted 00:49:25 (13231 turns).

hawla the Cruncher (Deep Elf Fire Elementalist)    Turns: 13231, Time: 00:49:26

Health: 0/62       AC: 13    Str:  7    XL:     11   Next: 86%
Magic:  9/27       EV: 13    Int: 36    God:    Vehumet [*.....]
Gold:   653        SH:  6    Dex: 15    Spells: 14/21 levels left

rFire   + . .        g - +6 Majin-Bo {spellvamp, MP+6 Int+6}
rCold   + . .        L - +1 buckler of Piwail {Rampage rN+ Int+3 SInv}
rNeg    + . .        J - +1 steam dragon scales
rPois   +            (no helmet)
rElec   .            f - +0 cloak
rCorr   .            C - +0 pair of gloves
SInv    +            u - +0 pair of boots
Will    ++...        j - amulet of Disaster {Faith rF+}
Stlth   ++           P - ring "Ritase Naem" {rC+ Will+ Int+4}
HPRegen 0.30/turn    w - +4 ring of protection
MPRegen 0.20/turn

%: no teleportation, rampage, faith
@: no status effects
A: poison resistance
a: Renounce Religion


You were in a Gauntlet.
You worshipped Vehumet.
Vehumet was aware of your devotion.
You visited 2 branches of the dungeon, and saw 12 of its levels.
You also visited: Ossuary and Gauntlet.

You collected 653 gold pieces.

Inventory:

Hand Weapons
 g - the +6 Majin-Bo (weapon) {spellvamp, MP+6 Int+6}
   (You acquired it on level 4 of the Dungeon)

   Int+6:     It affects your intelligence (+6).
   MP+6:      It affects your magic capacity (+6).
 p - a +4 quarterstaff of protection
Armour
 f - a +0 cloak (worn)
 u - a +0 pair of boots (worn)
 C - a +0 pair of gloves (worn)
 H - a +0 robe of willpower
 J - +1 steam dragon scales (worn)
 L - the +1 buckler of Piwail (worn) {Rampage rN+ Int+3 SInv}
   (You took it off a vampire on level 8 of the Dungeon)

   Int+3:     It affects your intelligence (+3).
   rN+:       It protects you from negative energy.
   SInv:      It lets you see invisible.
   Rampage:   It bestows one free step when moving towards enemies.
Magical Staves
 v - a staff of air
 G - a staff of conjuration
Jewellery
 j - the amulet of Disaster (around neck) {Faith rF+}
   (You found it on level 2 of the Dungeon)

   [amulet of faith]

   Faith:     It allows you to gain divine favour quickly.
   rF+:       It protects you from fire.
 s - a ring of flight
 w - a +4 ring of protection (right hand)
 E - a +6 ring of strength
 N - a ring of willpower
 P - the ring "Ritase Naem" (left hand) {rC+ Will+ Int+4}
   (You found it in a Gauntlet)

   [ring of willpower]

   Int+4:     It affects your intelligence (+4).
   rC+:       It protects you from cold.
   Will+:     It increases your willpower.
Wands
 e - a wand of roots (7) (quivered)
 k - a wand of charming (11)
 D - a wand of flame (48)
Scrolls
 a - 3 scrolls of identify
 i - a scroll of vulnerability
 m - 2 scrolls of fog
 n - a scroll of blinking
 o - 4 scrolls of poison
 y - 4 scrolls of amnesia
 A - 3 scrolls of teleportation
 B - a scroll of revelation
 F - a scroll of immolation
 K - 2 scrolls of fear
Potions
 b - a potion of magic
 c - 7 potions of curing
 d - a potion of might
 l - 2 potions of enlightenment
 r - 2 potions of ambrosia
 t - 2 potions of haste
 x - a potion of cancellation
 O - 2 potions of resistance {unknown}
Miscellaneous
 M - a phial of floods


   Skills:
 + Level 4.8 Fighting
 - Level 14.0 Staves
 + Level 4.6 Dodging
 - Level 2.4 Stealth
 - Level 5.1 Shields
 + Level 5.5 Spellcasting
 + Level 5.1 Conjurations
 - Level 4.1 Fire Magic
 - Level 2.0 Air Magic
 - Level 7.3 Evocations


You had 14 spell levels left.
You knew the following spells:

 Your Spells              Type           Power      Damage    Failure   Level
a - Foxfire               Conj/Fire      100%       2x1d9     1%          1
b - Scorch                Fire           78%        2d8       1%          2
c - Flame Wave            Conj/Fire      43%        2d11      9%          4

Your spell library contained the following spells:

 Spells                   Type           Power      Damage    Failure   Level
 Freeze                   Ice            36%        1d5       5%          1
 Slow                     Hex            36%        N/A       5%          1
 Inner Flame              Hex/Fire       24%        N/A       7%          3
 Volatile Blastmotes      Fire/Tloc      48%        2d14      7%          3
 Confusing Touch          Hex            9%         N/A       17%         3
 Sigil of Binding         Hex            9%         N/A       17%         3
 Vampiric Draining        Necr           9%         2d6       17%         3


Dungeon Overview and Level Annotations

Branches:
Dungeon (11/15)            Temple (1/1) D:6            Lair (0/5) D:8
    Orc (0/2) D:10        Ossuary (visited)         Gauntlet (1/1)

Altars:
Ashenzari
Cheibriados
Dithmenos
Elyvilon
Fedhas
Gozag
Hepliaklqana
Kikubaaqudgha
Makhleb
Nemelex Xobeh
Okawaru
Qazlal
Ru
Sif Muna
Trog
Uskayaw
Vehumet
Wu Jian
Xom
Yredelemnul
Zin
The Shining One

Shops:
D:11 (:

Annotations:
D:3 1 runed translucent door Gauntlet 4 transporters


Innate Abilities, Weirdness & Mutations

Your system is resistant to poisons. (rPois)


Message History

The minotaur is no longer more vulnerable to fire.
The foxfire hits the minotaur but does no damage.
The minotaur is heavily wounded.
The foxfire hits the minotaur!
You feel better.
The minotaur is burned terribly!
The minotaur is heavily wounded.
Casting: Foxfire (safe; 1% risk of failure)
Confirm with . or Enter, or press ? or * to list all spells.
Flames lash the minotaur but do no damage.
Casting: Scorch (safe; 1% risk of failure)
Confirm with . or Enter, or press ? or * to list all spells.
You conjure some foxfire!
Casting: Foxfire (safe; 1% risk of failure)
Confirm with . or Enter, or press ? or * to list all spells.
Flames lash the minotaur.
The minotaur is burned terribly!
You feel better.
The minotaur is severely wounded.
The minotaur's fire resistance burns away.
The foxfire hits the minotaur!
You feel better.
The minotaur is burned terribly!
The minotaur is almost dead.
The foxfire hits the minotaur but does no damage.
The minotaur is almost dead.
Casting: Scorch (safe; 1% risk of failure)
Confirm with . or Enter, or press ? or * to list all spells.
Flames lash the minotaur.
The minotaur is burned terribly!
You feel better.
The minotaur is almost dead.
The minotaur closely misses you. The minotaur gores you!
Casting: Scorch (safe; 1% risk of failure)
Confirm with . or Enter, or press ? or * to list all spells.
Casting: Flame Wave (dangerous; 9% risk of failure)
Press: ? - help, Dir - look around, f - activate A wave of flame ripples out!
The flame wave engulfs the minotaur but does no damage.
The minotaur is almost dead. (Press . to intensify the flame waves.)
The minotaur hits you with the +10 quarterstaff "Bacimni" {flame, rElec rPois rF- Will+}!!!
Ouch! That really hurt!
* * * LOW HITPOINT WARNING * * *
The minotaur burns you!
You die...

###### #.##.##
###.....# #∩##.##.#
#.##.##.##
#.#......#
#.###.##.#
#.##.#'###.##.#
............H@#
##.##.##.##.###
#.##.##.###
...............#
#.##.##.##.##.##
###.##.##.##.##.###
#≈...............≈##
≈≈..8©8©8©8©8©8..≈≈#
#≈...............≈##


You could see a minotaur (combustible).

Vanquished Creatures
  A two-headed ogre (D:10)
  A thrashing horror (Gauntlet)
  A tengu warrior (Gauntlet)
  Pikel (D:5)
  A rime drake (D:8)
  2 tengu conjurers (Gauntlet)
  An ice devil (Gauntlet)
  A troll (D:10)
  A hornet (D:10)
  A tyrant leech (Gauntlet)
  A vampire (D:8)
  A wyvern (D:8)
  2 shadows
  6 yaks (D:10)
  The ghost of SlowGraham the Cudgeller, an amateur MiCj (D:3)
  3 steam dragons
  Menkaure (D:5)
  5 swamp worms (Gauntlet)
  Edmund (D:5)
  A water moccasin (D:7)
  3 black bears
  A sky beast (D:8)
  6 orc warriors
  7 ice beasts
  5 centaurs
  4 wolves
  A lemure (D:5)
  A weeping skull (Ossuary)
  2 kobold brigands
  A bullfrog (D:6)
  5 scorpions
  5 gnoll sergeants
  3 small abominations (Gauntlet)
  10 wights
  11 killer bees
  6 howler monkeys
  2 bombardier beetles (D:6)
  3 spectral scorpions (Ossuary)
  4 hounds
  Crazy Yiuf (D:2)
  A centaur skeleton (Ossuary)
  2 jellies (D:6)
  A gnoll bouda (D:7)
  A sleepcap (D:6)
  Ijyb (D:3)
  Terence (D:2)
  5 iguanas
  7 orc wizards
  2 ogre skeletons (Ossuary)
  8 mummies (Ossuary)
  32 gnolls
  5 adders
  A shadow imp (D:7)
  5 white imps
  4 ufetubi
  2 dart slugs
  4 ribbon worms
  50 orcs
  7 endoplasms
  5 giant cockroaches
  2 goblins (D:1)
  6 hobgoblins
  18 kobolds
  7 quokkas
  8 ball pythons
  4 frilled lizards
  2 gnoll skeletons (Ossuary)
  2 kobold skeletons (Ossuary)
  An orc skeleton (Ossuary)
  A quokka zombie (D:5)
  8 rats
  A rat zombie (D:5)
  10 spectral rats (Ossuary)
328 creatures vanquished.

Vanquished Creatures (collateral kills)
  A thrashing horror (Gauntlet)
  A troll (D:10)
  A small abomination (Gauntlet)
  4 yaks (D:10)
  A shadow imp (D:6)
8 creatures vanquished.

Vanquished Creatures (others)
  A killer bee (D:8)
  534 foxfires
535 creatures vanquished.

Grand Total: 871 creatures vanquished

Notes
Turn   | Place    | Note
-------+----------+-------------------------------------------
     0 | D:1      | hawla the Deep Elf Fire Elementalist began the quest for
                  | the Orb.
     0 | D:1      | Reached XP level 1. HP: 10/10 MP: 6/6
   328 | D:1      | Reached XP level 2. HP: 16/16 MP: 5/8
   827 | D:1      | Learned a level 2 spell: Scorch
   829 | D:1      | Reached XP level 3. HP: 20/20 MP: 5/9
  1279 | D:2      | Reached XP level 4. HP: 14/24 MP: 0/12
  1447 | D:2      | Identified the amulet of Disaster {Faith rF+}
  1454 | D:2      | Learned a level 4 spell: Flame Wave
  2168 | D:2      | Found a runed translucent door.
  2169 | D:2      | Noticed Crazy Yiuf
  2243 | D:2      | Noticed Terence
  2249 | D:2      | Killed Terence
  2250 | D:2      | Reached XP level 5. HP: 28/28 MP: 6/13
  2562 | D:2      | Killed Crazy Yiuf
  2750 | D:3      | Noticed a black bear
  2756 | D:3      | Killed a black bear
  2761 | D:3      | Reached XP level 6. HP: 33/33 MP: 5/14
  2883 | D:3      | Noticed Ijyb
  2921 | D:3      | Killed Ijyb
  3031 | D:3      | Found a broken altar of Ashenzari.
  3082 | D:3      | Found a runed translucent door.
  3085 | D:3      | Noticed SlowGraham's ghost (amateur MiCj)
  3100 | D:3      | Found a runed translucent door.
  3355 | D:3      | Found a bloodstained altar of Trog.
  3471 | D:3      | Killed SlowGraham's ghost
  3472 | D:3      | Reached skill level 5 in Evocations
  3605 | D:4      | Identified a scroll of acquirement
  3607 | D:4      | Acquired the +6 Majin-Bo {spellvamp, MP+6 Int+6}
  3607 | D:4      | Found the +6 Majin-Bo {spellvamp, MP+6 Int+6}
  3720 | D:4      | Reached XP level 7. HP: 37/37 MP: 15/15
  3724 | D:4      | Noticed a steam dragon
  3733 | D:4      | Killed a steam dragon
  4224 | D:5      | Entered Level 5 of the Dungeon
  4287 | D:5      | Noticed Pikel
  4291 | D:5      | Found a sand-covered staircase.
  4299 | Ossuary  | Entered an ossuary
  4325 | Ossuary  | Reached skill level 1 in Staves
  4373 | Ossuary  | Reached skill level 1 in Air Magic
  4524 | Ossuary  | Reached skill level 2 in Staves
  4524 | Ossuary  | Reached XP level 8. HP: 34/42 MP: 15/16
  4677 | Ossuary  | Reached skill level 3 in Staves
  4858 | Ossuary  | Reached skill level 4 in Staves
  5063 | D:5      | Killed Pikel
  5064 | D:5      | Reached skill level 6 in Staves
  5215 | D:5      | Reached skill level 7 in Staves
  5217 | D:5      | Noticed Menkaure
  5220 | D:5      | Killed Menkaure
  5220 | D:5      | Noticed Edmund
  5228 | D:5      | Killed Edmund
  5229 | D:5      | Reached XP level 9. HP: 46/46 MP: 0/17
  5445 | D:5      | Reached skill level 8 in Staves
  6426 | D:6      | Found a staircase to the Ecumenical Temple.
  6432 | D:6      | Reached skill level 9 in Staves
  6449 | Temple   | Entered the Ecumenical Temple
  7363 | D:7      | Gained mutation: Your system is resistant to poisons.
                  | (rPois) [potion of mutation]
  7456 | D:7      | Reached skill level 10 in Staves
  8338 | D:7      | Reached skill level 11 in Staves
  8529 | D:8      | Noticed a rime drake
  8534 | D:8      | Identified the +1 buckler of Piwail {Rampage rN+ Int+3
                  | SInv}
  8653 | D:7      | Reached XP level 10. HP: 51/51 MP: 18/18
  9058 | D:8      | Reached skill level 12 in Staves
  9400 | D:8      | Found a staircase to the Lair.
  9586 | D:8      | Reached skill level 13 in Staves
  9677 | D:8      | Found a radiant altar of Vehumet.
  9700 | D:8      | Found a hide-covered altar of Uskayaw.
  9917 | D:9      | Reached skill level 1 in Shields
 10220 | D:10     | Entered Level 10 of the Dungeon
 10464 | D:9      | Found a shadowy altar of Dithmenos.
 10877 | D:10     | Upgraded the game from 0.31.0-4-g52a2dc7128 to
                  | 0.31.0-7-gf635a9b802
 10934 | D:10     | Reached XP level 11. HP: 39/55 MP: 4/19
 10998 | D:10     | Reached skill level 14 in Staves
 11315 | D:10     | Found a staircase to the Orcish Mines.
 11495 | D:10     | Noticed a two-headed ogre
 11505 | D:10     | Killed a two-headed ogre
 11506 | D:10     | Reached skill level 5 in Shields
 11673 | D:10     | Reached skill level 1 in Fighting
 12197 | D:8      | Became a worshipper of Vehumet
 12317 | D:11     | Found Loqanem's Book Shop.
 12338 | D:11     | Found Saosorchu's Weapon Shoppe.
 12356 | D:11     | Found a gate leading to a gauntlet.
 12400 | Gauntlet | Entered a Gauntlet
 12400 | Gauntlet | Found a transporter.
 12401 | Gauntlet | Found a runed translucent gate.
 12401 | Gauntlet | Found a runed translucent gate.
 12401 | Gauntlet | Noticed a tengu warrior
 12405 | Gauntlet | Found a runed translucent gate.
 12406 | Gauntlet | Found a transporter.
 12410 | Gauntlet | Found a transporter.
 12418 | Gauntlet | Found a transporter.
 12422 | Gauntlet | Found a transporter.
 12430 | Gauntlet | Found a transporter.
 12434 | Gauntlet | Found a transporter.
 12442 | Gauntlet | Found a transporter.
 12446 | Gauntlet | Found a transporter.
 12451 | Gauntlet | Noticed a thrashing horror
 12453 | Gauntlet | Noticed a thrashing horror
 12455 | Gauntlet | Found a transporter.
 12477 | Gauntlet | Found a transporter.
 12489 | Gauntlet | Found a transporter.
 12501 | Gauntlet | Found a transporter.
 12535 | Gauntlet | Found a transporter.
 12582 | Gauntlet | Killed a tengu warrior
 12729 | Gauntlet | Identified the +8 hand axe "Allogy" {antimagic, Str+4
                  | Dex+3}
 12846 | Gauntlet | Identified the ring "Ritase Naem" {rC+ Will+ Int+4}
 12986 | Gauntlet | HP: 1/62 [thrashing horror (8)]
 12996 | Gauntlet | Killed a thrashing horror
 12996 | Gauntlet | Reached * piety under Vehumet
 12996 | Gauntlet | Offered knowledge of Freeze by Vehumet.
 12997 | Gauntlet | Reached skill level 5 in Spellcasting
 13012 | Gauntlet | Killed a thrashing horror
 13013 | Gauntlet | Reached skill level 5 in Conjurations
 13218 | Gauntlet | Identified the +10 quarterstaff "Bacimni" {flame, rElec
                  | rPois rF- Will+}
 13218 | Gauntlet | Noticed a minotaur
 13231 | Gauntlet | Slain by a minotaur

Illustrated notes

Levels and vault maps discovered:
D:1:      zelgadis_glass_arrival_small, layout_basic
D:2:      layout_loops_corners, uniq_crazy_yiuf_cottage, uniq_terence
D:3:      layout_rooms, nicolae_overflow_squiral, ebering_ghost_sewer_f,
          chequers_garden, minmay_misc_feat_tower, dk_noncrumbling_3, uniq_ijyb
D:4:      layout_rooms
D:5:      layout_cave_pods, enter_ossuary_4, uniq_edmund, uniq_pikel,
          uniq_menkaure
D:6:      layout_loops_ring, minmay_temple_entry_tees
D:7:      layout_loops_ring, minmay_gold_behind_fungi, minmay_misc_feat_doors
D:8:      layout_rooms, mainiacjoe_overflow_alcove_1,
          mainiacjoe_overflow_alcove_2, hellmonk_lair_entry_icy
D:9:      layout_cave_pools, grunt_dithmenos_smoke
D:10:     layout_cave_pods, hiddenorc2_lemuel
D:11:     layout_irregular_city, gauntlet_entry_generic, serial_shops,
          nicolae_shop_just_a_little_nook, shop, marbit_kobold_abyssish
Temple:   minmay_temple_bridge_d
Gauntlet: gammafunk_gauntlet_77_escape_option
          [minmay_gauntlet_arena_77_run_for_it,
          minmay_gauntlet_arena_77_hold_the_fort,
          minmay_gauntlet_arena_77_terracotta_army,
          minmay_gauntlet_arena_77_radiant_squares,
          minmay_gauntlet_arena_77_tiled_triplets, gauntlet_exit_green]

Skill      XL: |  1  2  3  4  5  6  7  8  9 10 11 |
---------------+----------------------------------+-----
Dodging        | 3 4 |  4.6
Conjurations   | 2 3 4 5 |  5.1
Spellcasting   | 4 5 |  5.5
Fire Magic     | 4 |  4.1
Evocations     | 3 5 7 |  7.3
Staves         | 2 7 11 13 14 | 14.0
Air Magic      | 2 |  2.0
Shields        | 3 5 |  5.1
Fighting       | 4 |  4.8
Stealth        | |  2.4

Action                     |  1- 3 |  4- 6 |  7- 9 | 10-12 || total
---------------------------+-------+-------+-------+-------++-------
  Melee: Unarmed           |     9 |     2 |       |       ||    11
         Quarterstaff      |       |    41 |       |       ||    41
         Bo                |       |    16 |   127 |   126 ||   269
         Punch             |       |       |       |     1 ||     1
   Cast: Foxfire           |    58 |    37 |    71 |   132 ||   298
         Scorch            |     2 |    13 |    81 |    74 ||   170
         Flame Wave        |       |       |    14 |    25 ||    39
  Evoke: Wand              |       |       |     1 |       ||     1
    Use: Scroll            |     7 |     9 |    10 |    13 ||    39
         Potion            |       |     1 |     2 |     6 ||     9
   Stab: Sleeping          |       |     2 |     2 |     2 ||     6
 Armour: Robe              |    10 |    44 |   158 |    42 ||   254
         Steam dragon scal |       |       |       |   143 ||   143
         Skin              |       |       |       |    12 ||    12
  Dodge: Dodged            |    16 |    37 |   133 |   152 ||   338
  Block: Buckler           |       |       |       |    62 ||    62
